 Dungeon Crawl Stone Soup version 0.31-a0-75-g6fe912e8c5 (webtiles) character file.

Game seed: 12912834486702570544

59937 BlueFish the Frost Mage (level 14, -5/122 HPs)
             Began as a White Draconian Artificer on May 24, 2023.
             Was the Champion of Vehumet.
             Slain by an ettin
             ... wielding a +0 dire flail
              (36 damage)
             ... on level 2 of the Orcish Mines.
             The game lasted 01:13:44 (24487 turns).

BlueFish the Frost Mage (DrAr)                     Turns: 24487, Time: 01:13:44

Health: -5/122     AC: 24    Str: 15    XL:     14   Next: 55%
Magic:  6/25       EV: 15    Int: 17    God:    Vehumet [******]
Gold:   2578       SH:  0    Dex: 11    Spells: 2/28 levels left

rFire   . . .        y - +8 spear (protect)
rCold   + . .        (no shield)
rNeg    . . .        (body armour unavailable)
rPois   .            (helmet restricted)
rElec   .            o - +0 cloak
rCorr   .            k - +5 pair of gloves of Minuse {Slay+3}
SInv    .            r - +1 pair of boots
Will    ++...        K - amulet of faith
Stlth   ++++         v - ring of willpower
HPRegen 0.40/turn    (no ring)
MPRegen 0.19/turn

%: faith
@: under a protective aura, very slightly contaminated, studying Short Blades
A: breathe frost, AC +8, unfitting armour, cold resistance 1, cold-blooded
a: Breathe Frost, Renounce Religion


You were on level 2 of the Orcish Mines.
You worshipped Vehumet.
Vehumet was exalted by your worship.
You visited 4 branches of the dungeon, and saw 20 of its levels.

You collected 2578 gold pieces.

Inventory:

Hand Weapons
 y - a +8 spear of protection (weapon)
Armour
 k - the +5 pair of gloves of Minuse (worn) {Slay+3}
   (You found it on level 7 of the Dungeon)

   Slay:      It affects your accuracy & damage with ranged weapons and melee
   (+3).
 o - a +0 cloak (worn)
 r - a +1 pair of boots (worn)
 J - a scarf of shadows
Jewellery
 s - an amulet of guardian spirit
 v - a ring of willpower (left hand)
 H - a +6 ring of dexterity
 K - an amulet of faith (around neck)
 M - the amulet of the Leaping Genius {RegenMP Harm rC+ rN+}
   (You found it on level 5 of the Lair of Beasts)

   [amulet of magic regeneration]

   It increases your rate of magic regeneration.
   rC:        It protects you from cold.
   rN:        It protects you from negative energy.
   Harm:      It increases damage dealt and taken.
 N - an amulet of reflection
Wands
 b - a wand of flame (13) (quivered)
 c - a wand of charming (12)
 d - a wand of iceblast (28)
 E - a wand of paralysis (5)
 L - a wand of digging (6)
Scrolls
 g - 2 scrolls of fog
 h - 2 scrolls of magic mapping
 i - 9 scrolls of teleportation
 j - 5 scrolls of torment
 l - 5 scrolls of immolation
 m - a scroll of enchant armour
 n - 2 scrolls of enchant weapon
 z - a scroll of blinking
 A - a scroll of vulnerability
 B - 3 scrolls of poison
 G - a scroll of amnesia
Potions
 a - 3 potions of heal wounds
 e - 4 potions of curing
 f - 2 potions of resistance
 q - 4 potions of lignification
 w - 7 potions of mutation
 x - 3 potions of haste
 C - a potion of attraction
 D - a potion of enlightenment
 F - 2 potions of cancellation
 I - a potion of brilliance {unknown}


   Skills:
 + Level 10.7 Fighting
 + Level 8.6 Polearms
 + Level 9.2 Dodging
 + Level 9.7 Stealth
 + Level 7.5 Spellcasting
 + Level 6.5 Conjurations
 * Level 11.3 Ice Magic
 - Level 6.4 Air Magic
 + Level 1.2 Earth Magic
 + Level 10.3 Evocations


You had 2 spell levels left.
You knew the following spells:

 Your Spells              Type           Power      Damage    Failure   Level
a - Freezing Cloud        Conj/Ice/Air   14%        6-21      5%          5
b - Hailstorm             Conj/Ice       33%        3d8       1%          3
c - Stone Arrow           Conj/Erth      32%        3d9       2%          3
d - Polar Vortex          Ice            22%        N/A       100%        9
e - Iron Shot             Conj/Erth      8%         9d3       75%         6

Your spell library contained the following spells:

 Spells                   Type           Power      Damage    Failure   Level
 Kiss of Death            Conj/Necr      56%        2d9       1%          1
 Sandblast                Erth           20%        2d7       1%          1
 Shock                    Conj/Air       100%       1d9       1%          1
 Cigotuvi's Dreadful Rot  Necr/Pois/Air  18%        N/A       12%         2
 Passwall                 Tmut/Erth      4%         N/A       19%         2
 Swiftness                Air            28%        N/A       2%          3
 Airstrike                Air            14%        2d(2-18)  2%          4
 Iskenderun's Battlesphe  Conj           28%        2d8       5%          5
 Fulminant Prism          Conj/Hex       7%         3d6       11%         4
 Iskenderun's Mystic Bla  Conj/Tloc      14%        2d5       11%         4
 Volatile Blastmotes      Fire/Tloc      6%         2d10      13%         3
 Ignite Poison            Fire/Tmut/Pois 2%         N/A       16%         3
 Ozocubu's Refrigeration  Ice            22%        4d12      22%         7
 Fireball                 Conj/Fire      7%         3d5       28%         5
 Confusing Touch          Hex            6%         N/A       32%         3
 Conjure Ball Lightning   Conj/Air       12%        3x3d6     38%         6
 Lee's Rapid Deconstruct  Erth           5%         3d6*      41%         5
 Dispel Undead            Necr           6%         3d8       73%         4
 Orb of Destruction       Conj           14%        9d7       80%         7
 Simulacrum               Ice/Necr       11%        N/A       94%         6
 Borgnjor's Vile Clutch   Necr/Erth      2%         N/A       98%         5
 Alistair's Intoxication  Tmut/Pois      2%         N/A       99%         5
 Eringya's Noxious Bog    Tmut/Pois      1%         N/A       99%         6


Dungeon Overview and Level Annotations

Branches:
Dungeon (12/15)            Temple (1/1) D:6            Lair (5/5) D:11
  Swamp (0/4) Lair:3        Snake (0/4) Lair:2        Slime (0/5) Lair:4
    Orc (2/2) D:12            Elf (0/3) Orc:2

Altars:
Ashenzari
Cheibriados
Dithmenos
Elyvilon
Fedhas
Gozag
Hepliaklqana
Kikubaaqudgha
Makhleb
Nemelex Xobeh
Okawaru
Qazlal
Ru
Sif Muna
Trog
Uskayaw
Vehumet
Wu Jian
Xom
Yredelemnul
Zin
The Shining One
Jiyva

Shops:
D:1 *   D:11 *   Orc:2 =[

Annotations:
D:3 1 runed translucent door, BlueFish's ghost, amateur DrAr
D:9 1 runed translucent door, greasedhog's ghost, journeyman GnHu
D:12 Fannar
Lair:3 3 runed translucent doors, Gesaczie's ghost, journeyman MiFi


Innate Abilities, Weirdness & Mutations

You can breathe waves of freezing cold which knock back foes.
Your icy white scales are hard. (AC +8)
You cannot fit into any form of body armour.
Your flesh is cold resistant. (rC+)
You are cold-blooded and may be slowed by cold attacks.


Message History

Nothing appears to happen.
The orc hits you but does no damage.
Casting: Freezing Cloud (dangerous; 5% risk of failure)
Confirm with . or Enter, or press ? or * to list all spells.
Aiming: Freezing Cloud (dangerous; 5% risk of failure)
Press: ? - help, Dir - move target, p - ettin The cyclops is engulfed in freezing vapours.
The orc closely misses you.
The ettin is engulfed in freezing vapours.
Casting: Freezing Cloud (dangerous; 5% risk of failure)
Confirm with . or Enter, or press ? or * to list all spells.
Aiming: Freezing Cloud (dangerous; 5% risk of failure)
Press: ? - help, Dir - move target The ettin is engulfed in freezing vapours.
The orc hits you but does no damage.
The cyclops is engulfed in freezing vapours.
The cyclops throws a large rock.
The large rock hits you.
Reach: y) +8 spear (protect)
Press: ? - help, Dir - move target, f - orc
Aim: an orc, wielding a +0 hand axe and wearing a +0 scale mail (moderately wounded, about 22% to evade your +8 spear of protection)
You hit the orc but do no damage.
The orc is moderately wounded.
You puncture the orc!
You kill the orc!
Vehumet accepts your kill.
You feel your power returning.
The ettin is engulfed in freezing vapours.
The cyclops is engulfed in freezing vapours.
You hit the ettin but do no damage.
The ettin is heavily wounded.
The ettin hits you with a +0 dire flail.
The ettin hits you with a +0 dire flail!!
You hit the ettin.
Your tail-slap misses the ettin.
The ettin is heavily wounded.
The cyclops is engulfed in freezing vapours.
You hit the ettin.
The ettin is severely wounded.
The ettin hits you with a +0 dire flail!!!
* * * LOW HITPOINT WARNING * * *
The ettin hits you with a +0 dire flail!!!
You die...

.....#.......# ######......#..
............ ##...#..........
.P......#.. ####..............#
.....)..)# ##.#..P........#.###
.......)######........P...(.###
# .........#...#...P.........##
...(..()................(..#...
..........^..........∩..(......#
P.###..#....#.☼>@.............##
. #...##.#○§°.C).P○..........#
##.#....§§§§.☼§°§8...........
##.....§§☼°.§C§.............
##....§...☼○§§.............
#.........§§☼..........#.
##.#......§§☼...........
#.##......#.☼...


You could see an ettin and a cyclops.

Vanquished Creatures
  Jorgrun (Orc:1)
  A stone giant (Orc:2)
  2 orc warlords
  Snorg (Lair:3)
  An ettin (Orc:2)
  The ghost of greasedhog the Grappler, a journeyman TrFi of Wu Jian (Orc:1)
  Josephine (Lair:4)
  4 hydras
  Erolcha (D:11)
  2 catoblepae
  8 death yaks
  2 two-headed ogres (D:12)
  A deep troll shaman (Lair:5)
  Urug (Lair:5)
  Sonja (Lair:4)
  A lindwurm (Lair:2)
  5 cyclopes
  A salamander (Lair:2)
  2 manticores (D:12)
  16 elephants
  4 black mambas
  Maurice (D:8)
  A gargoyle (D:11)
  11 cane toads
  Psyche (D:11)
  A rime drake (Lair:1)
  12 komodo dragons
  4 trolls
  2 polar bears
  15 blink frogs
  7 dream sheep (Lair:4)
  A shadow (D:12)
  2 wyverns
  6 wraiths
  34 yaks
  2 basilisks
  A golden eye (shapeshifter) (D:9)
  Grum (D:11)
  8 vampire mosquitoes
  5 wargs
  A harpy simulacrum (D:11)
  11 water moccasins
  2 acid dragons (D:11)
  Duvessa (D:7)
  21 orc warriors
  2 ice beasts
  5 black bears
  3 ogres
  20 wolves
  A centaur (D:6)
  3 phantoms
  11 bullfrogs
  7 kobold brigands
  3 scorpions
  A gnoll sergeant (D:8)
  12 wights
  A troll zombie (D:12)
  Dowan (D:7)
  5 killer bees
  16 howler monkeys
  3 lava snakes (Lair:2)
  2 jellies (D:7)
  A hound (D:3)
  Crazy Yiuf (D:7)
  15 orc priests
  A gnoll bouda (D:6)
  A sleepcap (D:5)
  An iguana (D:6)
  11 orc wizards
  9 hell rats
  7 ogre zombies (D:12)
  8 gnolls
  6 adders
  2 white imps
  2 ufetubi
  3 worms
  4 dart slugs
  71 orcs
  8 ball pythons
  3 endoplasms
  A giant cockroach (D:2)
  3 goblins
  6 hobgoblins
  4 jackals
  4 quokkas
  3 bats (D:1)
  2 goblin skeletons (D:12)
  3 goblin zombies (D:12)
  2 hobgoblin skeletons (D:12)
  4 hobgoblin zombies (D:12)
  39 kobolds
  2 orc skeletons (D:12)
  12 orc zombies (D:12)
  2 rats (D:1)
545 creatures vanquished.

Vanquished Creatures (collateral kills)
  A wight (D:6)
  An orc (D:5)
2 creatures vanquished.

Vanquished Creatures (others)
  An orc (D:5)
1 creature vanquished.

Grand Total: 548 creatures vanquished

Notes
Turn   | Place    | Note
-------+----------+-------------------------------------------
     0 | D:1      | BlueFish the Draconian Artificer began the quest for the
                  | Orb.
     0 | D:1      | Reached XP level 1. HP: 16/16 MP: 1/1
    78 | D:1      | Reached skill level 1 in Stealth
   320 | D:1      | Reached XP level 2. HP: 21/23 MP: 2/2
   491 | D:1      | Found Daititiv's Assorted Antiques.
   680 | D:2      | Identified the +13 plate armour of the Harvest {Slay+6}
   934 | D:2      | Reached XP level 3. HP: 21/29 MP: 3/3
  1696 | D:3      | Found a hide-covered altar of Uskayaw.
  1882 | D:3      | Found a glowing golden altar of the Shining One.
  1938 | D:3      | Found a runed translucent door.
  2126 | D:3      | Noticed BlueFish's ghost (amateur DrAr)
  2205 | D:4      | Reached XP level 4. HP: 11/36 MP: 4/4
  2744 | D:4      | Reached XP level 5. HP: 41/42 MP: 5/5
  2750 | D:4      | Noticed an ogre
  2769 | D:4      | Killed an ogre
  2864 | D:4      | Reached XP level 6. HP: 51/51 MP: 6/6
  3084 | D:5      | Entered Level 5 of the Dungeon
  3985 | D:5      | Your scales start taking on an icy white colour.
  3985 | D:5      | Reached XP level 7. HP: 33/59 MP: 4/7
  3985 | D:5      | Gained mutation: Your flesh is cold resistant. (rC+) [White
                  | Draconian growth]
  4286 | D:6      | Reached skill level 5 in Evocations
  4894 | D:6      | You fall into a shaft and drop 3 floors!
  4899 | D:9      | Noticed greasedhog's ghost (journeyman GnHu)
  5407 | D:6      | Reached skill level 5 in Fighting
  5407 | D:6      | Reached XP level 8. HP: 64/68 MP: 8/8
  5450 | D:6      | Reached skill level 1 in Polearms
  5525 | D:6      | Found a staircase to the Ecumenical Temple.
  5548 | Temple   | Entered the Ecumenical Temple
  5687 | Temple   | Became a worshipper of Vehumet
  6146 | D:7      | Noticed Duvessa
  6169 | D:7      | Killed Duvessa
  6170 | D:7      | Reached skill level 5 in Dodging
  6170 | D:7      | Reached skill level 5 in Stealth
  6176 | D:7      | Noticed Dowan
  6266 | D:7      | Killed Dowan
  6267 | D:7      | Reached skill level 1 in Spellcasting
  6548 | D:7      | Reached XP level 9. HP: 20/75 MP: 1/11
  6919 | D:7      | Reached * piety under Vehumet
  6919 | D:7      | Offered knowledge of Sandblast by Vehumet.
  7012 | D:7      | Identified the +5 pair of gloves of Minuse {Slay+3}
  7135 | D:7      | Identified the +1 scale mail "Hehi Lig" {rElec rCorr Dex+3
                  | SInv}
  7216 | D:7      | Found an ornate altar of the Wu Jian Council.
  7295 | D:7      | Found an opulent altar of Gozag.
  7562 | D:7      | Found a runed translucent door.
  7563 | D:7      | Noticed Crazy Yiuf
  7571 | D:7      | Killed Crazy Yiuf
  7882 | D:8      | Found a shimmering altar of Xom.
  8260 | D:8      | Offered knowledge of Static Discharge by Vehumet.
  8334 | D:9      | Noticed Maurice
  8338 | D:9      | Paralysed by Maurice for 3 turns
  8354 | D:9      | Noticed a meliai
  8364 | D:8      | Killed Maurice
  8375 | D:8      | Reached XP level 10. HP: 70/86 MP: 12/15
  8441 | D:9      | Reached ** piety under Vehumet
  8832 | D:9      | Reached skill level 5 in Polearms
  8832 | D:9      | Found a sacrificial altar of Ru.
  9365 | D:8      | Offered knowledge of Scorch by Vehumet.
  9372 | D:8      | Learned a level 5 spell: Freezing Cloud
  9490 | D:9      | Found a runed translucent door.
  9833 | D:9      | Found a snail-covered altar of Cheibriados.
  9893 | D:10     | Entered Level 10 of the Dungeon
  9909 | D:10     | Noticed a white ugly thing
 10066 | D:10     | Reached skill level 1 in Ice Magic
 10124 | D:10     | Reached *** piety under Vehumet
 10294 | D:10     | Reached skill level 1 in Air Magic
 10315 | D:10     | Reached skill level 1 in Conjurations
 10315 | D:10     | Reached skill level 2 in Ice Magic
 10776 | D:10     | Identified the +5 ring mail "Omeiw" {MP+9}
 10896 | D:11     | Noticed a gargoyle
 10905 | D:11     | Killed a gargoyle
 10980 | D:11     | Noticed a cyclops
 10987 | D:11     | Reached skill level 3 in Ice Magic
 10996 | D:11     | Killed a cyclops
 10997 | D:11     | Reached XP level 11. HP: 94/94 MP: 16/18
 11079 | D:11     | Noticed Grum
 11087 | D:11     | Killed Grum
 11202 | D:11     | Found Lunner's Assorted Antiques.
 11236 | D:11     | Noticed Psyche
 11371 | D:11     | Found a staircase to the Lair.
 11447 | D:11     | Offered knowledge of Hailstorm by Vehumet.
 11452 | D:11     | Learned a level 3 spell: Hailstorm
 11584 | D:11     | Noticed Erolcha
 11595 | D:11     | Killed Erolcha
 11596 | D:11     | Reached skill level 4 in Ice Magic
 11680 | D:11     | Killed Psyche
 12307 | Lair:1   | Entered Level 1 of the Lair of Beasts
 12376 | D:11     | Reached skill level 5 in Spellcasting
 12501 | Lair:1   | Reached skill level 5 in Ice Magic
 12637 | Lair:1   | Learned a level 3 spell: Stone Arrow
 12755 | Lair:1   | Reached **** piety under Vehumet
 13306 | Lair:1   | You fall into a shaft and drop 1 floor!
 13335 | Lair:2   | Offered knowledge of Yara's Violent Unravelling by Vehumet.
 13349 | Lair:2   | Reached skill level 6 in Ice Magic
 13641 | Lair:2   | Reached XP level 12. HP: 99/103 MP: 18/20
 14037 | Lair:2   | Reached ***** piety under Vehumet
 14203 | Lair:2   | Noticed a catoblepas
 14285 | Lair:2   | Offered knowledge of Arcjolt by Vehumet.
 14395 | Lair:2   | Found a staircase to the Snake Pit.
 14652 | Lair:2   | Killed a catoblepas
 14653 | Lair:2   | Reached skill level 7 in Ice Magic
 14836 | Lair:2   | Identified 2 scrolls of acquirement
 14836 | Lair:2   | Acquired a book of Ice
 14850 | Lair:2   | Learned a level 9 spell: Polar Vortex
 15277 | Lair:3   | Noticed a five-headed hydra
 15284 | Lair:3   | Killed a five-headed hydra
 15373 | Lair:3   | Noticed an eight-headed hydra
 15376 | Lair:3   | Noticed a minotaur
 15376 | Lair:3   | Noticed Gesaczie's ghost (journeyman MiFi)
 15458 | Lair:3   | Found a runed translucent gate.
 15458 | Lair:3   | Found a runed translucent gate.
 15458 | Lair:3   | Found a runed translucent gate.
 15905 | Lair:3   | Noticed Snorg
 15911 | Lair:3   | Killed Snorg
 16040 | Lair:3   | Found a staircase to the Swamp.
 16466 | Lair:4   | Reached skill level 8 in Ice Magic
 16730 | Lair:4   | Noticed Josephine
 16764 | Lair:4   | Killed Josephine
 16903 | Lair:4   | Noticed a death yak
 16903 | Lair:4   | Noticed a death yak
 16904 | Lair:4   | Noticed a death yak
 17003 | Lair:4   | Reached XP level 13. HP: 111/111 MP: 17/22
 17216 | Lair:4   | Reached skill level 5 in Air Magic
 17234 | Lair:4   | Reached skill level 5 in Conjurations
 17291 | Lair:4   | Noticed Sonja
 17298 | Lair:4   | Killed Sonja
 17561 | Lair:4   | Reached skill level 9 in Ice Magic
 18123 | Lair:4   | Found a viscous altar of Jiyva.
 18123 | Lair:4   | Found a staircase to the Slime Pits.
 18331 | Lair:5   | Entered Level 5 of the Lair of Beasts
 18537 | Lair:5   | Identified the amulet of the Leaping Genius {RegenMP Harm
                  | rC+ rN+}
 18545 | Lair:5   | Reached skill level 10 in Fighting
 18731 | Lair:5   | Noticed Urug
 18738 | Lair:5   | Killed Urug
 19185 | Lair:5   | Reached skill level 10 in Ice Magic
 19784 | Lair:5   | Offered knowledge of Spellforged Servitor by Vehumet.
 19931 | Lair:5   | Reached XP level 14. HP: 114/121 MP: 24/24
 20021 | Lair:5   | Identified the +0 pair of boots of the Date {Harm Fly rN+
                  | Int+4}
 20425 | D:12     | Reached skill level 10 in Evocations
 20908 | D:12     | Found a staircase to the Orcish Mines.
 21292 | D:12     | Noticed Fannar
 21546 | Orc:1    | Entered Level 1 of the Orcish Mines
 21546 | Orc:1    | Noticed an orc warlord
 21547 | Orc:1    | Reached ****** piety under Vehumet
 21562 | D:12     | Killed an orc warlord
 21565 | D:12     | Acquired 992 gold pieces
 22015 | Orc:1    | Offered knowledge of Iron Shot by Vehumet.
 22037 | Orc:1    | Noticed an orc warlord
 22577 | Orc:1    | Noticed Jorgrun
 22582 | Orc:1    | Killed Jorgrun
 22583 | Orc:1    | Reached skill level 11 in Ice Magic
 22864 | Orc:1    | Found a runed translucent door.
 22864 | Orc:1    | Noticed greasedhog's ghost (journeyman TrFi)
 22884 | Orc:1    | Learned a level 6 spell: Iron Shot
 22898 | Orc:1    | HP: 3/122 [greasedhog's ghost (18)]
 23175 | Orc:2    | Entered Level 2 of the Orcish Mines
 23299 | Orc:1    | Killed greasedhog's ghost
 23434 | Orc:1    | Killed an orc warlord
 23988 | Orc:2    | Noticed a stone giant
 23993 | Orc:2    | Found Fiupeawk's Antique Armour Shop.
 24001 | Orc:2    | Killed a stone giant
 24266 | Orc:2    | Found a staircase to the Elven Halls.
 24282 | Orc:2    | Reached skill level 1 in Earth Magic
 24355 | Orc:2    | Found Yshruoddo's Jewellery Boutique.
 24487 | Orc:2    | Slain by an ettin

Illustrated notes

Levels and vault maps discovered:
D:1:      dpeg_arrival_rhombus, layout_loops_ring, serial_shops, shop,
          serial_bayou_lagoon_b
D:2:      layout_loops_ring, serial_glass, glass_columns_a, glass_columns_b,
          corexii_hall_statues_u
D:3:      layout_loops_ring, nicolae_uskayaw_murder_on_the_dancefloor,
          tso_oasis_becter, ebering_ghost_sewer_d
D:4:      layout_loops_cross
D:5:      layout_basic, dk_vineyard_3
D:6:      layout_basic, minmay_temple_entry_sparse_star, supply_closet_lemuel
D:7:      layout_basic, mainiacjoe_overflow_small_starburst, lemuel_round_altar,
          uniq_crazy_yiuf_cottage, uniq_duvessa
D:8:      layout_basic, nicolae_overflow_crystal_walls, grunt_decor_fettered
D:9:      layout_rooms, mainiacjoe_overflow_paths, cheibrodos_worm_habitat,
          hellmonk_ghost_happy_afterlife, hellmonk_bongcloud_opening,
          uniq_maurice
D:10:     layout_long_grid
D:11:     layout_gridville, erik_lair_orcish_takeover, serial_shops,
          nicolae_lakefront_shop, uniq_erolcha, uniq_grum, uniq_psyche
D:12:     layout_gridville, zombieorc2_lemuel, minmay_unpleasant_kobolds,
          uniq_fannar
Temple:   minmay_freezing_vapour_temple
Lair:1:   layout_long_grid
Lair:2:   layout_loops_ring, nicolae_snake_entry_warm_welcome
Lair:3:   layout_cellular_growth, swamp_mist_pool,
          maelrawn_ghost_gauntlet_escape, uniq_snorg
Lair:4:   layout_small_grid, dpeg_slime_entry_enclosed, serial_bayou_shore_b,
          infiniplex_staircase_pool, uniq_sonja, uniq_josephine
Lair:5:   grunt_lair_end_beastmaster, layout_misc_corridors, st_stairs_4,
          serial_bayou_crossing, lemuel_fruit_fields, uniq_urug
Orc:1:    layout_caves, gammafunk_ghost_grave, minmay_orc_barracks, uniq_jorgrun
Orc:2:    grunt_orc_gardens, layout_caves, grunt_orc_garden, grunt_orc_garden,
          grunt_orc_garden, grunt_orc_garden

Skill      XL: |  1  2  3  4  5  6  7  8  9 10 11 12 13 14 |
---------------+-------------------------------------------+-----
Stealth        | 1 2 3 4 5 6 7 8 9 |  9.7
Fighting       | 2 3 4 5 6 7 8 9 10 | 10.7
Dodging        | 3 4 5 6 7 8 9 |  9.2
Evocations     | 4 5 6 7 8 9 10 | 10.3
Polearms       | 2 4 5 6 7 8 |  8.6
Spellcasting   | 1 3 4 5 6 7 |  7.5
Ice Magic      | 3 6 8 10 11 | 11.3
Air Magic      | 1 3 4 6 |  6.4
Conjurations   | 1 3 4 6 |  6.5
Earth Magic    | 1 |  1.2

Action                     |  1- 3 |  4- 6 |  7- 9 | 10-12 | 13-15 || total
---------------------------+-------+-------+-------+-------+-------++-------
  Melee: Club              |    19 |       |       |       |       ||    19
         Dagger            |   159 |   211 |   149 |       |       ||   519
         Tailslap          |    21 |    31 |    72 |    94 |    48 ||   266
         Punch             |     2 |     2 |     5 |     7 |     8 ||    24
         Spear             |       |       |   318 |   614 |   392 ||  1324
   Cast: Freezing Cloud    |       |       |       |    65 |   141 ||   206
         Hailstorm         |       |       |       |     9 |       ||     9
         Stone Arrow       |       |       |       |    12 |    40 ||    52
Ability: Breathe Frost     |       |       |    16 |     3 |     1 ||    20
  Evoke: Wand              |       |     9 |     6 |     7 |     2 ||    24
    Use: Scroll            |       |     7 |     1 |    14 |    10 ||    32
         Potion            |       |       |     3 |       |     2 ||     5
   Stab: Sleeping          |     2 |     2 |     2 |     5 |     3 ||    14
         Paralysed         |       |       |       |     6 |     2 ||     8
         Distracted        |       |       |       |     3 |     1 ||     4
         Confused          |       |       |       |       |     1 ||     1
 Armour: Skin              |    51 |    63 |   119 |   180 |    74 ||   487
  Dodge: Dodged            |    91 |    72 |   243 |   273 |   151 ||   830

Table legend: (Time is in decaauts)
 A = Elapsed time spent in this place.
 B = Non-inter-level travel time spent in this place.
 C = Inter-level travel time spent in this place.
 D = Time resting spent in this place.
 E = Time spent auto-exploring this place.
 F = Levels seen in this place.
 G = Mean time per level.
                   A        B        C        D        E       F      G
               +--------+--------+--------+--------+--------+-----+--------+
         Total |  24156 |  23311 |    845 |   1705 |  16312 |  20 | 1207.8 |
       Dungeon |  13417 |  12788 |    629 |    986 |   8388 |  12 | 1118.1 |
        Temple |    144 |    139 |      5 |    134 |      0 |   1 |  144.0 |
          Lair |   7854 |   7687 |    167 |    182 |   6152 |   5 | 1570.8 |
  Orcish Mines |   2739 |   2695 |     44 |    402 |   1772 |   2 | 1369.5 |
               +--------+--------+--------+--------+--------+-----+--------+

Top non-repeatable levels by time:
   Orc:1: 2228 daAuts
  Lair:4: 1953 daAuts
  Lair:5: 1838 daAuts
  Lair:2: 1809 daAuts
     D:8: 1541 daAuts
     D:7: 1507 daAuts
    D:11: 1455 daAuts
    D:12: 1380 daAuts
     D:6: 1293 daAuts
  Lair:3: 1277 daAuts
     D:5: 1254 daAuts
     D:3: 1001 daAuts
  Lair:1: 975 daAuts
     D:9: 913 daAuts
    D:10: 901 daAuts
